 Dungeon Crawl Stone Soup version 0.31-a0-233-g139696dc86 (webtiles) character file.

Game seed: 4610184356922328501

66 qw the Shooter (level 3, -1/29 HPs)
             Began as a Minotaur Hexslinger on July 9, 2023.
             Slain by a goblin
             ... wielding a +0 dagger
             ... led by Robin
              (2 damage)
             ... on level 2 of the Dungeon.
             The game lasted 00:00:28 (822 turns).

qw the Shooter (Minotaur Hexslinger)                 Turns: 822, Time: 00:00:28

Health: -1/29      AC:  2    Str: 12    XL:     3   Next: 96%
Magic:  3/3        EV: 12    Int: 10    God:
Gold:   39         SH:  0    Dex: 14    Spells: 3/4 levels left

rFire   . . .        Y - +1 sling
rCold   . . .        (no shield)
rNeg    . . .        c - +0 robe
rPois   .            (helmet restricted)
rElec   .            (no cloak)
rCorr   .            (no gloves)
SInv    .            (no boots)
Will    .....        (no amulet)
Stlth   +            (no ring)
HPRegen 0.24/turn    (no ring)
MPRegen 0.08/turn

%: no passive effects
@: no status effects
A: horns 2, retaliatory headbutt
a: no special abilities


You were on level 2 of the Dungeon.
You visited 1 branch of the dungeon, and saw 2 of its levels.

You collected 39 gold pieces.


Innate Abilities, Weirdness & Mutations

You have a pair of horns on your head.
You reflexively headbutt those who attack you in melee.


   Skills:
 - Level 2.0 Fighting
 + Level 4.5 Ranged Weapons
 - Level 2.1 Dodging
 - Level 1.0 Spellcasting
 - Level 2.0 Hexes


You had 3 spell levels left.
You knew the following spells:

 Your Spells              Type           Power      Damage    Failure   Level
a - Slow                  Hex            16%        N/A       16%         1

Your spell library contained the following spells:

 Spells                   Type           Power      Damage    Failure   Level
 Inner Flame              Hex/Fire       2%         N/A       56%         3
 Portal Projectile        Hex/Tloc       4%         N/A       56%         3
 Cause Fear               Hex            2%         N/A       83%         4

Inventory:

Hand Weapons
 Y - a +1 sling (weapon)
Armour
 c - a +0 robe (worn)
Scrolls
 b - a scroll of summoning {unknown}
Potions
 a - 2 potions of enlightenment {unknown}
 d - a potion of berserk rage {unknown}
 f - a potion of ambrosia {unknown}

Dungeon Overview and Level Annotations

Branches:
Dungeon (2/15)

Altars:

Annotations:
D:2 Robin


Message History

A goblin comes into view. It is wielding a +0 dagger.
The bat moves out of view.
You shoot a sling bullet.
The sling bullet closely misses the goblin.
The sling bullet barely misses the goblin.
A goblin comes into view. It is wielding a +0 dagger.
Robin roars a battlecry!
The goblins go into a battle-frenzy!
You shoot a sling bullet. The sling bullet hits the goblin.
The goblin is severely wounded.
A goblin comes into view. It is wielding a +0 club.
You shoot a sling bullet.
The sling bullet barely misses the goblin.
The goblin shouts!
The goblin hits you with a +0 dagger.
A goblin comes into view. It is wielding a +0 dagger.
You shoot a sling bullet. The goblin shouts!
The sling bullet hits the goblin.
You kill the goblin!
The goblin hits you with a +0 club.
A goblin comes into view. It is wielding a +0 dagger.
Robin throws the goblin at you!
You shoot a sling bullet.
The sling bullet barely misses the goblin.
The goblin shouts!
The goblin hits you with a +0 club. The goblin hits you but does no damage.
You shoot a sling bullet. The sling bullet hits the goblin.
The goblin is moderately wounded.
The goblin misses you. The goblin hits you with a +0 dagger.
Robin barely misses you.
You shoot a sling bullet.
The sling bullet closely misses the goblin.
The goblin barely misses you. x2
Robin hits you from afar with a +0 heavy trident!
The goblin hits you with a +0 dagger. The goblin barely misses you.
You shoot a sling bullet. The sling bullet hits the goblin.
The goblin is almost dead.
The goblin hits you with a +0 club. The goblin hits you with a +0 dagger.
You die...

#.##.....##.#
#.##.....##.#
#.#.......#.#
#.#.......#.#
##.#.......#.#
#>.......#.#.#
#.#####..#.#.#
#.# #.##.#.#
#.# #.g@ggb#
#.#
#.##gg)%.gg
#.#####.#
######.
#.......#####
####.##.#...#
#.##.....#
#....#...#
##..###.##
#..# .#


You could see Robin, a hobgoblin (strong), 5 goblins and a bat.

Vanquished Creatures
  A gnoll (D:1)
  An adder (D:2)
  2 worms (D:2)
  A dart slug (D:1)
  2 ball pythons
  4 bats (D:1)
  3 endoplasms (D:2)
  A giant cockroach (D:1)
  4 goblins
  4 hobgoblins
  2 kobolds
  3 quokkas
  5 frilled lizards (D:1)
  4 rats (D:1)
37 creatures vanquished.

Notes
Turn   | Place    | Note
-------+----------+-------------------------------------------
     0 | D:1      | qw the Minotaur Hexslinger began the quest for the Orb.
     0 | D:1      | Reached XP level 1. HP: 16/16 MP: 1/1
     0 | D:1      | 0 ||| qw: Version: 0.3-a-51-g015441d
     0 | D:1      | 0 ||| qw: Game counter: 3975
     0 | D:1      | 0 ||| qw: Melee chars always use a shield: true
     0 | D:1      | 0 ||| qw: God list: Okawaru
     0 | D:1      | 0 ||| qw: Allow faded altars: false
     0 | D:1      | 0 ||| qw: Do Orc after clearing Dungeon:15 true
     0 | D:1      | 0 ||| qw: Do second Lair branch before Depths: true
     0 | D:1      | 0 ||| qw: Lair rune preference: random
     0 | D:1      | 0 ||| qw: Goals: Normal
     0 | D:1      | 0 ||| PLANNING D:1-11
    62 | D:1      | Reached skill level 3 in Ranged Weapons
    62 | D:1      | Reached XP level 2. HP: 12/23 MP: 2/2
   159 | D:1      | 159 ||| FLEEEEING.
   163 | D:1      | 163 ||| FLEEEEING.
   164 | D:1      | 164 ||| FLEEEEING.
   309 | D:1      | Found a faded altar of an unknown god.
   407 | D:1      | Reached XP level 3. HP: 29/29 MP: 3/3
   540 | D:1      | 540 ||| READING scroll labelled GOUBOR ISUICS.
   594 | D:1      | 594 ||| READING scroll labelled RADENU LIDATUA.
   597 | D:1      | 597 ||| DROPPING scroll of poison.
   667 | D:2      | Reached skill level 4 in Ranged Weapons
   810 | D:2      | Noticed Robin
   821 | D:2      | HP: 2/29 [goblin/+0 dagger[Robin] (6)]
   822 | D:2      | Slain by a goblin

Levels and vault maps discovered:
D:1:      lightli_arrival_lavapool, layout_rooms,
          hellmonk_ecumenical_altar_crossroads
D:2:      layout_loops_ring, uniq_robin

Skill      XL: |  1  2  3 |
---------------+----------+-----
Ranged Weapons | 3 4 |  4.5
Fighting       | 2 |  2.0
Dodging        | |  2.1
Spellcasting   | |  1.0
Hexes          | |  2.0

Action                     || total
---------------------------++-------
   Fire: Sling             ||   121
    Use: Scroll            ||     2
 Armour: Robe              ||     6
  Dodge: Dodged            ||    36

Table legend:
 A = Non-vault XP
 B = Vault XP
 C = Vault XP percentage of total XP
 D = Non-vault monster count
 E = Vault monster count
 F = Vault count percentage of total count
                 A         B        C        D         E       F
            +---------+---------+-------+---------+---------+-------
      Total |      87 |       8 |   8.4 |      33 |       4 |  10.8
            +---------+---------+-------+---------+---------+-------
        D:1 |      52 |       0 |   0.0 |      24 |       0 |   0.0
        D:2 |      35 |       8 |  18.6 |       9 |       4 |  30.8
            +---------+---------+-------+---------+---------+-------
